 Dungeon Crawl Stone Soup version 0.30-a0-122-g2a1322497e (webtiles) character file.

Game seed: 16867357562096978719

123 voltaire321 the Ducker (level 5, -1/42 HPs)
             Began as a Merfolk Monk on Sept 16, 2022.
             Slain by a white imp (4 damage)
             ... summoned by Natasha
             ... on level 2 of the Dungeon.
             The game lasted 00:03:53 (1711 turns).

voltaire321 the Ducker (Merfolk Monk)               Turns: 1711, Time: 00:03:54

Health: -1/42      AC:  5    Str: 11    XL:     5   Next: 7%
Magic:  5/5        EV: 14    Int:  9    God:
Gold:   49         SH:  0    Dex: 19    Spells: 4/4 levels left

rFire   . . .      SeeInvis .    a - +0 falchion
rCold   . . .      Faith    .    (no shield)
rNeg    . . .      Spirit   .    j - +1 leather armour {rPois}
rPois   +          Reflect  .    (no helmet)
rElec   .          Harm     .    (no cloak)
rCorr   .          Rampage  .    (no gloves)
Will    .....                    h - +0 pair of boots
Stlth   ++........               (no amulet)
HPRegen 0.14/turn                (no ring)
MPRegen 0.09/turn                (no ring)

@: slowed, very slow
A: (nimble swimmer 2), mertail
a: no special abilities


You were on level 2 of the Dungeon.
You visited 1 branch of the dungeon, and saw 2 of its levels.

You collected 49 gold pieces.

Inventory:

Hand Weapons
 a - a +0 falchion (weapon)
Missiles
 l - 4 boomerangs (quivered)
Armour
 h - a +0 pair of boots (worn)
 j - a +1 leather armour of poison resistance (worn)
Wands
 k - a wand of acid (11)
Scrolls
 d - a scroll of vulnerability {unknown}
 f - 2 scrolls of identify {unknown}
 g - a scroll of fear {unknown}
 i - a scroll of summoning {unknown}
Potions
 b - a potion of curing {unknown}
 c - a potion of ambrosia
 e - 2 potions of mutation {unknown}


   Skills:
 + Level 4.1 Fighting
 + Level 4.5 Long Blades
 + Level 1.4 Armour
 + Level 5.0 Dodging
 - Level 2.1 Stealth


You had 4 spell levels left.
You didn't know any spells.
Your spell library was empty.

Dungeon Overview and Level Annotations

Branches:
Dungeon (2/15)

Altars:

Annotations:
D:2 Natasha


Innate Abilities, Weirdness & Mutations

((You are very nimble when in or above water. (Stealth+, EV+, Speed+++)))
Your lower body shifts to a powerful aquatic tail in water.


Message History

Natasha mumbles some strange words.
Natasha casts a spell at you.
You feel yourself slow down.
The crimson imp blinks!
You closely miss Natasha. Natasha closely misses you. Natasha claws you!
You barely miss Natasha.
Natasha extends her claws.
Natasha claws you but does no damage.
You hit Natasha.
Natasha is lightly wounded.
Natasha closely misses you. The crimson imp hits you.
Natasha stares at you and mumbles some strange words.
The magic dart hits you.
You slash Natasha!
Natasha is severely wounded.
The crimson imp hits you but does no damage.
Natasha casts a spell.
The crimson imp hits you.
You hit Natasha but do no damage.
Natasha is severely wounded.
Natasha mumbles some strange words.
The crimson imp hits you but does no damage.
Natasha barely misses you.
You barely miss Natasha.
Natasha is severely wounded.
The crimson imp completely misses you. The white imp closely misses you.
Natasha claws you! The white imp gestures at you. The puff of frost hits you!
The white imp closely misses you. The crimson imp closely misses you.
Natasha barely misses you.
You closely miss Natasha.
Natasha is severely wounded.
The white imp hits you but does no damage.
The white imp gestures at you. The puff of frost hits you!
* * * LOW HITPOINT WARNING * * *
The crimson imp hits you but does no damage.
Natasha closely misses you. The white imp hits you.
* * * LOW HITPOINT WARNING * * *
The white imp freezes you.
You die...

# #.##.##.###..8....# #.#..8P #
#.##.##.##.....8### #.#.... #
#.##....##.#.....########.#.... #
#.####..#........##.........8.. #
#.####..#.##.#............###.. #
#.......#........#..####..####.
########.......#...#..#.......<##
....# ####.#...5..#..#.##..##.##
###.#### #....#@5##..#.##..##.##
###....# #.....h5##.............
.......# #................###...
###....#####...#####.##<##.# ####
##.......# #...# #.##.##.###...
##..#.##.###...#####.#...#.......
##.##....................#..##...
##(##............................
............................#....


You could see Natasha, a crimson imp (summoned) and 2 white imps.

Vanquished Creatures
  Natasha (D:2)
  5 adders (D:2)
  An adder skeleton (D:2)
  An adder zombie (D:2)
  7 bats
  A bat skeleton (D:2)
  A bat zombie (D:2)
  2 endoplasms (D:1)
  4 giant cockroaches
  2 goblins (D:1)
  A hobgoblin (D:2)
  4 jackals (D:2)
  2 quokkas (D:2)
  5 ball pythons
  2 ball python skeletons (D:2)
  A ball python zombie (D:2)
  6 frilled lizards
  A jackal skeleton (D:2)
  4 kobolds
  A quokka skeleton (D:2)
52 creatures vanquished.

Vanquished Creatures (others)
  A withered plant (D:2)
1 creature vanquished.

Grand Total: 53 creatures vanquished

Notes
Turn   | Place    | Note
-------+----------+-------------------------------------------
     0 | D:1      | voltaire321 the Merfolk Monk began the quest for the Orb.
     0 | D:1      | Reached XP level 1. HP: 18/18 MP: 1/1
   199 | D:1      | Reached XP level 2. HP: 22/24 MP: 2/2
   609 | D:1      | Reached XP level 3. HP: 29/29 MP: 3/3
  1169 | D:2      | Reached skill level 1 in Armour
  1244 | D:2      | Reached XP level 4. HP: 36/37 MP: 4/4
  1436 | D:2      | Noticed Natasha
  1440 | D:2      | Killed Natasha
  1441 | D:2      | Reached skill level 5 in Dodging
  1615 | D:2      | Reached XP level 5. HP: 41/42 MP: 5/5
  1700 | D:2      | Noticed Natasha
  1711 | D:2      | Slain by a white imp

Illustrated notes

Levels and vault maps discovered:
D:1:      tarquinn_simple_flora_water_a, layout_rooms, minmay_fountain_box
D:2:      layout_loops_cross, serial_undead, serial_undead_e, serial_undead_b,
          serial_undead_c, serial_undead_e, serial_undead_e, serial_undead_f,
          serial_undead_d, kennysheep_nondescript, uniq_natasha

Skill      XL: |  1  2  3  4 |
---------------+-------------+-----
Long Blades    | 4 |  4.5
Armour         | 1 |  1.4
Fighting       | 4 |  4.1
Dodging        | 5 |  5.0
Stealth        | |  2.1

Action                   |  1- 3 |  4- 6 || total
-------------------------+-------+-------++-------
Melee: Falchion          |   116 |    48 ||   164
       Punch             |     1 |       ||     1
 Stab: Sleeping          |    10 |     1 ||    11
Armor: Robe              |     7 |       ||     7
       Leather armour    |    19 |    30 ||    49
Dodge: Dodged            |    90 |    48 ||   138

Table legend: (Time is in decaauts)
 A = Elapsed time spent in this place.
 B = Non-inter-level travel time spent in this place.
 C = Inter-level travel time spent in this place.
 D = Time resting spent in this place.
 E = Time spent auto-exploring this place.
 F = Levels seen in this place.
 G = Mean time per level.
                   A        B        C        D        E       F      G
               +--------+--------+--------+--------+--------+-----+--------+
         Total |   1729 |   1669 |     60 |     12 |   1212 |   2 |  864.5 |
       Dungeon |   1729 |   1669 |     60 |     12 |   1212 |   2 |  864.5 |
               +--------+--------+--------+--------+--------+-----+--------+

Top non-repeatable levels by time:
     D:2: 906 daAuts
     D:1: 823 daAuts
